 Dungeon Crawl Stone Soup version 0.28-a0-425-gd0eccab798 (webtiles) character file.

Game seed: 16259913910255695537

583 Demosthentine the Poker (level 7, -1/55 HPs)
             Began as a Merfolk Gladiator on Sept 9, 2021.
             Slain by a steam dragon (7 damage)
             ... on level 4 of the Dungeon.
             The game lasted 00:03:29 (5623 turns).

Demosthentine the Poker (Merfolk Gladiator)         Turns: 5623, Time: 00:03:30

Health: -1/55      AC:  9    Str: 16    XL:     7   Next: 37%
Magic:  7/7        EV: 14    Int:  8    God:
Gold:   161        SH:  0    Dex: 15    Spells: 6/6 levels left

rFire   . . .      SeeInvis .   a - +0 trident
rCold   . . .      Faith    .   (no shield)
rNeg    . . .      Spirit   .   j - +3 leather armour
rPois   +          Reflect  .   c - +0 helmet
rElec   .          Harm     .   f - +1 cloak
rCorr   .          Rampage  .   (no gloves)
Will    +....                   (no boots)
Stlth   +.........              (no amulet)
HPRegen 0.18/turn               g - ring of willpower
MPRegen 0.10/turn               l - ring of poison resistance

@: no status effects
A: (nimble swimmer 2), mertail
a: no special abilities


You were on level 4 of the Dungeon.
You visited 1 branch of the dungeon, and saw 4 of its levels.

You collected 161 gold pieces.

Inventory:

Hand Weapons
 a - a +0 trident (weapon)
Armour
 c - a +0 helmet (worn)
 f - a +1 cloak (worn)
 j - a +3 leather armour (worn)
 r - a +0 buckler
Jewellery
 g - a ring of willpower (left hand)
 l - a ring of poison resistance (right hand)
 p - a ring of flight
Wands
 i - a wand of paralysis (7)
Scrolls
 o - a scroll of teleportation
 s - a scroll of identify
 u - a scroll of amnesia {unknown}
 w - a scroll of fear {unknown}
Potions
 b - a potion of flight
 e - a potion of brilliance {unknown}
 h - a potion of resistance {unknown}
 k - 4 potions of might {unknown}
 m - a potion of invisibility {unknown}
 n - a potion of mutation {unknown}
 q - a potion of haste {unknown}
 t - a potion of berserk rage {unknown}
 v - a potion of cancellation {unknown}


   Skills:
 + Level 4.4 Fighting
 + Level 6.8 Polearms
 - Level 2.0 Throwing
 + Level 2.4 Armour
 + Level 6.1 Dodging
 + Level 2.2 Shields


You had 6 spell levels left.
You didn't know any spells.
Your spell library contained the following spells:

 Spells                   Type           Power      Damage    Failure   Level
 Freeze                   Ice            0%         1d3       45%         1
 Sandblast                Erth           0%         2d4       45%         1
 Passwall                 Tmut/Erth      0%         N/A       61%         2
 Slow                     Hex            0%         N/A       61%         2
 Confusing Touch          Hex            0%         N/A       83%         3
 Frozen Ramparts          Ice            0%         1d2       83%         3
 Stone Arrow              Conj/Erth      0%         3d7       83%         3
 Hailstorm                Conj/Ice       0%         3d3       99%         4
 Yara's Violent Unravell  Hex/Tmut       0%         3d3       100%        5


Dungeon Overview and Level Annotations

Branches:
Dungeon (4/15)
 Temple: D:4-7

Altars:

Shops:
D:1 (


Innate Abilities, Weirdness & Mutations

((You are quick and stealthy near water. (Stealth+, EV+, Speed+++)))
Your lower body shifts to a powerful aquatic tail in water.


Message History

The steam dragon struggles against the net.
You hit the steam dragon but do no damage.
The steam dragon is heavily wounded.
You are engulfed in a cloud of scalding steam.
The steam dragon struggles against the net.
The net rips apart, and the steam dragon comes free!
You barely miss the steam dragon.
The steam dragon is heavily wounded.
The steam dragon barely misses you. The steam dragon closely misses you.
You closely miss the steam dragon.
The steam dragon is heavily wounded.
The steam dragon completely misses you. The steam dragon barely misses you.
You puncture the steam dragon!
The steam dragon is severely wounded.
The steam dragon bites you. The steam dragon claws you.
* * * LOW HITPOINT WARNING * * *
You hit the steam dragon.
The steam dragon is almost dead.
The steam dragon misses you. x2
You closely miss the steam dragon.
The steam dragon is almost dead.
The steam dragon breathes steam at you. The ball of steam misses you.
The steam dragon misses you. The steam dragon barely misses you.
Unknown command.
You hit the steam dragon but do no damage.
The steam dragon is almost dead.
The steam dragon bites you but does no damage.
The steam dragon barely misses you.
You barely miss the steam dragon.
The steam dragon is almost dead.
You are engulfed in a cloud of scalding steam.
* * * LOW HITPOINT WARNING * * *
The steam dragon barely misses you. The steam dragon misses you.
Unknown command.
The steam dragon breathes steam at you. The ball of steam misses you.
Unknown command.
The steam dragon bites you!
You die...

### #### #.. ..# #^# #.#
..# #####.##### #
#.###....#....#
##.##§§##..##.###.###
#####.##§§.....##.# #....
#.....§..§.###.##.# #.###
#.......@D###...#.###.#
#)....§.............#.#
#.........###...#.#.#.#
#.........####.##.#.#.#
#.................#.#.#
#........#####...##.#.###
####.###.# #............
#.# #.# #.##.##.#.### #)#
#.# #.#...#.#.#..


You could see a steam dragon (catching breath).

Vanquished Creatures
  2 ogres
  A gnoll sergeant (D:4)
  A scorpion (D:4)
  2 orc priests
  Jessica (D:2)
  11 gnolls
  4 adders
  An adder skeleton (D:4)
  A worm (D:2)
  3 dart slugs
  4 orcs (D:3)
  4 ball pythons
  10 endoplasms
  A giant cockroach (D:1)
  3 goblins
  3 hobgoblins
  A quokka (D:2)
  4 bats
  6 frilled lizards
  6 kobolds
  5 rats
74 creatures vanquished.

Vanquished Creatures (others)
  4 toadstools (D:1)
4 creatures vanquished.

Grand Total: 78 creatures vanquished

Notes
Turn   | Place    | Note
-------+----------+-------------------------------------------
     0 | D:1      | Demosthentine the Merfolk Gladiator began the quest for the
                  | Orb.
     0 | D:1      | Reached XP level 1. HP: 16/16 MP: 1/1
   321 | D:1      | Reached XP level 2. HP: 23/23 MP: 2/2
   575 | D:1      | Reached XP level 3. HP: 17/28 MP: 3/3
   777 | D:1      | Reached skill level 5 in Polearms
  1073 | D:1      | Found Ucren's Antique Weapon Emporium.
  1131 | D:1      | Reached skill level 1 in Armour
  1338 | D:2      | Found a faded altar of an unknown god.
  1364 | D:2      | Reached XP level 4. HP: 21/35 MP: 4/4
  2487 | D:2      | Reached skill level 5 in Dodging
  2565 | D:2      | Reached XP level 5. HP: 31/41 MP: 5/5
  2711 | D:2      | Noticed Jessica
  2716 | D:2      | Killed Jessica
  3910 | D:4      | Noticed an ogre
  3916 | D:4      | HP: 1/41 [ogre (20)]
  3923 | D:4      | Killed an ogre
  3924 | D:4      | Reached XP level 6. HP: 3/48 MP: 6/6
  4239 | D:4      | Reached skill level 1 in Shields
  4566 | D:4      | Noticed a steam dragon
  4923 | D:3      | Reached XP level 7. HP: 39/54 MP: 7/7
  5623 | D:4      | Slain by a steam dragon

Illustrated notes

Levels and vault maps discovered:
D:1:      ldierk_walled_garden_2, layout_loops_ring, serial_shops,
          nicolae_shop_overgrown_old_shop, ebering_dispersal_statue_hall
D:2:      layout_loops_corners, hellmonk_ecumenical_altar_inner_sanctum,
          glass_columns_c, kennysheep_jessica_study
D:3:      layout_loops_corners
D:4:      layout_loops_ring

Skill      XL: |  1  2  3  4  5  6  7 |
---------------+----------------------+-----
Polearms       | 5 6 |  6.8
Armour         | 1 2 |  2.4
Fighting       | 3 4 |  4.4
Dodging        | 5 6 |  6.1
Shields        | 1 2 |  2.2
Throwing       | |  2.0

Action                   |  1- 3 |  4- 6 |  7- 9 || total
-------------------------+-------+-------+-------++-------
Melee: Trident           |    97 |   178 |    60 ||   335
Throw: Throwing net      |       |     2 |     2 ||     4
  Use: Scroll            |       |     4 |       ||     4
 Stab: Sleeping          |     5 |     1 |       ||     6
       Held in net/web   |       |       |     2 ||     2
Armor: Leather armour    |    16 |    33 |    10 ||    59
Dodge: Dodged            |    43 |    92 |    34 ||   169

Table legend: (Time is in decaauts)
 A = Elapsed time spent in this place.
 B = Non-inter-level travel time spent in this place.
 C = Inter-level travel time spent in this place.
 D = Time resting spent in this place.
 E = Time spent auto-exploring this place.
 F = Levels seen in this place.
 G = Mean time per level.
                   A        B        C        D        E       F      G
               +--------+--------+--------+--------+--------+-----+--------+
         Total |   5629 |   5539 |     90 |    657 |   4070 |   4 | 1407.2 |
       Dungeon |   5629 |   5539 |     90 |    657 |   4070 |   4 | 1407.2 |
               +--------+--------+--------+--------+--------+-----+--------+

Top non-repeatable levels by time:
     D:2: 1536 daAuts
     D:1: 1503 daAuts
     D:3: 1311 daAuts
     D:4: 1278 daAuts
